 Dungeon Crawl Stone Soup version 0.31-a0-765-g67fe2935dc (webtiles) character file.

Game seed: 13862805624047615716

135 randomguy2701 the Chopper (level 5, -2/47 HPs)
             Began as a Hill Orc Fighter on Sept 15, 2023.
             Slain by a gnoll
             ... wielding a +0 spear
              (3 damage)
             ... on level 3 of the Dungeon.
             The game lasted 00:01:17 (1429 turns).

randomguy2701 the Chopper (Hill Orc Fighter)        Turns: 1429, Time: 00:01:18

Health: -2/47      AC: 11    Str: 19    XL:     5   Next: 18%
Magic:  5/5        EV:  5    Int:  8    God:
Gold:   129        SH:  4    Dex: 12    Spells: 4/4 levels left

rFire   . . .        a - +0 war axe
rCold   . . .        c - +0 buckler
rNeg    . . .        p - +0 plate armour
rPois   .            (no helmet)
rElec   .            (no cloak)
rCorr   .            (no gloves)
SInv    .            (no boots)
Will    .....        (no amulet) Stlth
                     (no ring)
HPRegen 0.27/turn    (no ring)
MPRegen 0.09/turn

%: no passive effects
@: no status effects
A: no striking features
a: no special abilities


You were on level 3 of the Dungeon.
You visited 1 branch of the dungeon, and saw 3 of its levels.

You collected 129 gold pieces.

Inventory:

Hand Weapons
 a - a +0 war axe (weapon)
Armour
 b - a +0 scale mail
 c - a +0 buckler (worn)
 p - a +0 plate armour (worn)
Scrolls
 f - a scroll of revelation {unknown}
 g - 2 scrolls of poison {unknown}
 j - a scroll of identify {unknown}
 k - 2 scrolls of fog {unknown}
 l - a scroll of butterflies {unknown}
 o - a scroll of amnesia {unknown}
Potions
 d - a potion of might
 e - a potion of heal wounds {unknown}
 h - 3 potions of mutation {unknown}
 i - a potion of berserk rage {unknown}
 m - 3 potions of curing {unknown}
 n - a potion of brilliance {unknown}


   Skills:
 + Level 4.3 Fighting
 + Level 5.1 Axes
 + Level 3.9 Armour
 + Level 0.4 Dodging
 + Level 3.7 Shields


You had 4 spell levels left.
You didn't know any spells.
Your spell library contained the following spells:

 Spells                   Type           Power      Damage    Failure   Level
 Sandblast                Erth           0%         2d4       100%        1
 Passwall                 Tmut/Erth      0%         N/A       100%        2
 Sublimation of Blood     Necr           0%         N/A       100%        2
 Wereblood                Tmut           0%         N/A       100%        2
 Stone Arrow              Conj/Erth      0%         3d7       100%        3
 Summon Hydra             Summ           0%         N/A       100%        7


Dungeon Overview and Level Annotations

Branches:
Dungeon (3/15)

Altars:

Annotations:
D:3 1 transporter, Newt's ghost, amateur DsGl


Message History

You hit the gnoll but do no damage.
The gnoll is almost dead.
You slash the hound!
You kill the hound!
The gnoll hits you from afar with a +0 spear.
The gnoll barely misses you.
Your Axes skill increases to level 5!
You have reached level 5!
You feel stronger.
You hit the gnoll.
You kill the gnoll!
You barely miss the gnoll. The gnoll barely misses you.
You block the gnoll's attack.
The gnoll hits you from afar with a +0 spear.
Unknown command.
You slash the gnoll!
The gnoll is almost dead.
The gnoll hits you from afar with a +0 spear.
The gnoll hits you with a +0 flail.
Unknown command.
You are too injured to fight recklessly!
Unknown command.
You are too injured to fight recklessly!
Unknown command.
You closely miss the gnoll.
The gnoll is almost dead.
The gnoll hits you but does no damage. The gnoll hits you with a +0 flail!
* * * LOW HITPOINT WARNING * * *
You closely miss the gnoll.
The gnoll is almost dead.
The gnoll hits you but does no damage. The gnoll barely misses you.
The gnoll hits you with a +0 flail.
* * * LOW HITPOINT WARNING * * *
You block the gnoll's attack.
You hit the gnoll.
The gnoll is almost dead.
The gnoll hits you with a +0 flail!
* * * LOW HITPOINT WARNING * * *
The gnoll hits you from afar with a +0 spear.
You die...

####.# ....### ##
#.....# #. #.....#
# #.. +...?.#
#.#.. #.....#
#.#.. #.....#
#...#####...).#
#.#.#.......@.#
#.#...###...g†#
#.#..## #####.g#
###.#.#..# ....
#..#
........##(.#...
#...
###.#.#.#.#...#..
.... ###.#.#.#
.#/##..# ##..
..#.#.#.##.#...#.#
.. #.#.#....#!#...


You could see 2 gnolls.

Vanquished Creatures
  A hound (D:3)
  Jessica (D:2)
  An adder (D:2)
  A gnoll (D:3)
  4 worms (D:2)
  A dart slug (D:1)
  6 ball pythons
  5 endoplasms
  3 giant cockroaches
  2 goblins
  3 hobgoblins
  4 jackals
  A kobold (D:2)
  3 quokkas
  3 bats
  2 frilled lizards
  6 rats
47 creatures vanquished.

Notes
Turn   | Place    | Note
-------+----------+-------------------------------------------
     0 | D:1      | randomguy2701 the Hill Orc Fighter began the quest for the
                  | Orb.
     0 | D:1      | Reached XP level 1. HP: 19/19 MP: 1/1
   123 | D:1      | Reached skill level 3 in Axes
   153 | D:1      | Reached XP level 2. HP: 24/27 MP: 2/2
   778 | D:2      | Reached XP level 3. HP: 29/33 MP: 3/3
   973 | D:2      | Identified the +1 chain mail of the Hidden Vale {Int+2}
  1042 | D:2      | Noticed Jessica
  1045 | D:2      | Killed Jessica
  1046 | D:2      | Reached skill level 4 in Axes
  1046 | D:2      | Reached XP level 4. HP: 37/40 MP: 4/4
  1184 | D:2      | Found a faded altar of an unknown god.
  1387 | D:3      | Found a transporter.
  1388 | D:3      | Noticed Newt's ghost (amateur DsGl)
  1425 | D:3      | Reached skill level 5 in Axes
  1425 | D:3      | Reached XP level 5. HP: 31/47 MP: 5/5
  1429 | D:3      | HP: 1/47 [gnoll/+0 flail (7)]
  1429 | D:3      | Slain by a gnoll

Illustrated notes

Levels and vault maps discovered:
D:1:      mrwooster_arrival_statue_3, layout_loops_ring
D:2:      layout_rooms, hellmonk_ecumenical_altar_inner_sanctum, uniq_jessica
D:3:      layout_basic, gammafunk_ghost_stat_death, serial_shops, shop_statue,
          nicolae_shop_behind_doors, shop, shop, uniq_robin

Skill      XL: |  1  2  3  4 |
---------------+-------------+-----
Axes           | 3 4 5 |  5.1
Fighting       | 4 |  4.3
Armour         | |  3.9
Dodging        | |  0.4
Shields        | |  3.7

Action                     |  1- 3 |  4- 6 || total
---------------------------+-------+-------++-------
  Melee: War axe           |    81 |    39 ||   120
 Armour: Scale mail        |    52 |    11 ||    63
         Plate armour      |       |    36 ||    36
  Dodge: Dodged            |    45 |    25 ||    70
  Block: Buckler           |    21 |    12 ||    33

Table legend: (Time is in decaauts)
 A = Elapsed time spent in this place.
 B = Non-inter-level travel time spent in this place.
 C = Inter-level travel time spent in this place.
 D = Time resting spent in this place.
 E = Time spent auto-exploring this place.
 F = Levels seen in this place.
 G = Mean time per level.
                   A        B        C        D        E       F      G
               +--------+--------+--------+--------+--------+-----+--------+
         Total |   1470 |   1397 |     73 |      0 |   1092 |   3 |  490.0 |
       Dungeon |   1470 |   1397 |     73 |      0 |   1092 |   3 |  490.0 |
               +--------+--------+--------+--------+--------+-----+--------+

Top non-repeatable levels by time:
     D:1: 758 daAuts
     D:2: 605 daAuts
     D:3: 106 daAuts
